AoeStats
← HK | Jai Guru Deva

African Clearing

510425101Analyzed
4v4 RM · 2d ago on Oct 1, 2026· 50m 49s· 8 players
Game mode
Random Map
Map size
Large (8 player)
Population
200
Speed
Normal
Resources
Standard
Victory
Conquest
Starting age
Dark Age
Ending age
Imperial Age
RankedLock teamsTeams togetherTeam positionsShared explorationLock speedFull tech treeHidden civsTurbo modeCheats
Victory
Defeat
🇨🇦 Georgians · Canada
1730
+13
🇧🇪 Koreans · Belgium
1694
+15
🇺🇸 Mongols · United States
1688
+15
🇨🇳 Berbers · China
1525
+21
🇲🇽 Varangians · Mexico
1864
-23
🇲🇽 Berbers · Mexico
1825
-22
🇲🇽 Huns · Mexico
1582
-13
🇲🇽 Byzantines · Mexico
1377
-6
Fs.BlinkAoE
9:17 Loom
11:53 Feudal Age
12:22 Town Watch
14:30 Double-Bit Axe
15:00 Forging
22:02 Wheelbarrow
21:57 Bloodlines
21:50 Fletching
30:52 Castle Age
29:01 Double-Bit Axe
32:56 Svan Towers
34:20 Horse Collar
37:03 Bow Saw
38:09 Bodkin Arrow
38:59 Guard Tower
41:19 Hand Cart
42:05 Ballistics
42:22 Scale Barding Armor
47:16 Imperial Age
45:02 Gold Mining
45:04 Stone Mining
46:26 Iron Casting
46:43 Chain Barding Armor
47:33 Elite Monaspa
49:02 Plate Barding Armor
49:44 Blast Furnace
49:39 Conscription
50:41 Capped Ram
enzoyin68
12:42 Feudal Age
12:33 Loom
16:17 Castle Age
14:28 Double-Bit Axe
16:22 Scale Barding Armor
17:12 Bow Saw
18:08 Horse Collar
21:41 Town Watch
23:38 Husbandry
26:34 Bloodlines
26:42 Stone Mining
26:43 Gold Mining
29:31 Wheelbarrow
28:54 Fletching
30:43 Fletching
30:53 Padded Archer Armor
31:13 Hand Cart
34:01 Imperial Age
31:31 Bodkin Arrow
31:59 Ballistics
32:24 Kasbah
33:41 Gold Shaft Mining
33:42 Stone Shaft Mining
33:19 Heavy Plow
34:42 Bracer
35:52 Chemistry
36:07 Leather Archer Armor
35:16 Light Cavalry
36:49 Conscription
36:48 Elite Camel Archer
36:51 Hussar
37:52 Chain Barding Armor
37:43 Forging
38:00 Cavalier
41:16 Plate Barding Armor
41:17 Iron Casting
40:55 Cavalier
42:59 Scale Mail Armor
43:04 Treadmill Crane
43:32 Man-at-Arms
44:13 Squires
44:30 Chain Mail Armor
44:31 Long Swordsman
45:07 Two-Handed Swordsman
46:50 Plate Mail Armor
46:48 Champion
47:31 Capped Ram
49:31 Blast Furnace
49:18 Arson
50:08 Ring Archer Armor
49:53 Siege Engineers
Heyfai
6:15 Loom
12:41 Feudal Age
16:47 Castle Age
15:05 Double-Bit Axe
21:25 Fletching
22:17 Bodkin Arrow
22:46 Padded Archer Armor
24:59 Bow Saw
26:10 Leather Archer Armor
27:12 Ballistics
29:58 Horse Collar
31:49 Bloodlines
32:19 Heavy Plow
32:53 Gold Mining
33:42 Husbandry
36:09 Thumb Ring
39:16 Imperial Age
37:29 Wheelbarrow
38:22 Gold Shaft Mining
37:41 Stone Mining
39:14 Stone Shaft Mining
38:55 Hand Cart
40:02 Bracer
40:42 Conscription
41:58 Parthian Tactics
41:46 Elite Genitour
45:12 Chemistry
Komi
7:07 Loom
11:46 Feudal Age
19:14 Castle Age
18:09 Double-Bit Axe
20:42 Bow Saw
21:03 Fletching
26:18 Bodkin Arrow
28:36 Ballistics
31:29 Devotion
31:52 Horse Collar
34:24 Herbal Medicine
43:30 Wheelbarrow
45:26 Imperial Age
46:14 Bracer
47:16 Chemistry
46:02 Arrowslits
46:40 Conscription
46:28 Eupseong
48:31 Elite War Wagon
49:49 Masonry
51:23 Hand Cart
50:53 Town Watch
hK | Keno_
13:30 Feudal Age
14:58 Town Watch
17:25 Castle Age
15:35 Double-Bit Axe
17:34 Loom
18:28 Wheelbarrow
18:52 Bow Saw
18:34 Fletching
25:23 Bodkin Arrow
26:32 Ballistics
27:06 Padded Archer Armor
27:46 Horse Collar
33:37 Imperial Age
31:34 Stone Mining
31:34 Gold Mining
32:08 Kasbah
34:28 Bracer
34:54 Heavy Plow
35:13 Bloodlines
35:04 Husbandry
35:47 Conscription
36:43 Elite Camel Archer
38:22 Leather Archer Armor
40:10 Chemistry
40:25 Thumb Ring
40:51 Ring Archer Armor
42:24 Scale Barding Armor
41:41 Light Cavalry
43:06 Hand Cart
44:00 Hussar
45:46 Chain Barding Armor
45:37 Forging
48:21 Plate Barding Armor
49:11 Iron Casting
hK | triunFo
7:25 Loom
14:34 Feudal Age
23:02 Castle Age
HK | Jai Guru Deva
9:50 Loom
12:36 Feudal Age
15:01 Double-Bit Axe
17:25 Forging
21:56 Castle Age
27:11 Scale Barding Armor
27:51 Wheelbarrow
29:53 Chain Barding Armor
31:15 Bow Saw
30:46 Horse Collar
31:25 Squires
31:10 Arson
31:59 Horse Collar
32:07 Gambesons
32:09 Horse Collar
36:46 Imperial Age
34:05 Gambesons
34:31 Gold Mining
36:40 Scale Mail Armor
36:55 Capped Ram
38:17 Chain Mail Armor
41:15 Plate Mail Armor
40:31 Pikeman
FierroFlash
7:53 Loom
12:09 Feudal Age
12:22 Feudal Age
13:22 Town Watch
16:16 Castle Age
15:07 Fletching
15:50 Double-Bit Axe
32:07 Ballistics
48:44 Wheelbarrow
Connection lost

Rejoining the realm…

Still unreachable

The connection could not be restored.

Session expired

The server has moved on; the page needs a fresh start.